 Seeded DCSS version 0.28-a0-1339-ga5422284a4 (webtiles) character file.

Game seed: 12130800008223909736 (custom seed)

1157 croobank the Poker (level 8, -4/52 HPs)
             Began as an Octopode Cinder Acolyte on Dec 28, 2021.
             Was a Priest of Ignis.
             Killed from afar by an electric eel (5 damage)
             ... with a bolt of electricity
             ... on level 6 of the Dungeon.
             The game lasted 00:22:54 (6376 turns).

croobank the Poker (Octopode Cinder Acolyte)        Turns: 6376, Time: 00:22:54

Health: -4/52      AC:  1    Str: 16    XL:     8   Next: 39%
Magic:  6/15       EV: 12    Int: 16    God:    Ignis [***...]
Gold:   243        SH:  0    Dex:  7    Spells: 15/17 levels left

rFire   + . .      SeeInvis .   a - +0 trident
rCold   . . .      Faith    .   (no shield)
rNeg    . . .      Spirit   .   (helmet restricted)
rPois   .          Reflect  .   (no amulet)
rElec   .          Harm     .   d - ring of wizardry
rCorr   .          Rampage  .   (no ring)
Will    .....                   (no ring)
Stlth   ++........              (no ring)
HPRegen 0.17/turn               (no ring)
MPRegen 0.14/turn               (no ring)
                                (no ring)
                                (no ring)

@: hasted, very quick
A: almost no armour, amphibious, 8 rings, camouflage 1, gelatinous body 1,
(nimble swimmer 1), tentacles
a: Renounce Religion, Fiery Armour, Foxfire Swarm, Rising Flame


You were on level 6 of the Dungeon.
You worshipped Ignis.
Ignis was most pleased with you.
You visited 1 branch of the dungeon, and saw 7 of its levels.

You collected 243 gold pieces.

Inventory:

Hand Weapons
 a - a +0 trident (weapon)
 b - a +0 hunting sling
 k - a -1 spear of flaming
 o - a +0 dagger of draining
 w - a +1 dagger of draining
 y - a +2 vampiric rapier
Missiles
 e - 18 bolts
 f - 38 poisoned darts (quivered)
 p - 151 stones
 u - 34 arrows
 x - 5 boomerangs
 z - 15 sling bullets
Armour
 j - a +1 kite shield of resistance
 q - an orb of energy
Magical Staves
 r - a staff of earth
Jewellery
 d - a ring of wizardry (left tentacle)
 A - an amulet of magic regeneration
Wands
 m - a wand of flame (17)
Scrolls
 c - 3 scrolls of enchant armour {enchant armouor, unknown}
 g - 2 scrolls of teleportation {teleportation, unknown}
 l - 5 scrolls of identify {identify, unknown}
 t - 2 scrolls of vulnerability {vulnerability, unknown}
 B - a scroll of blinking {blinking, unknown}
 C - a scroll of silence {silence, unknown}
Potions
 h - a potion of might {might}
 i - 4 potions of curing {curing, unknown}
 n - a potion of cancellation {cancellation, unknown}
 s - a potion of degeneration {degeneration, unknown}
 v - 2 potions of haste {haste}


   Skills:
 - Level 3.1 Fighting
 + Level 6.3 Polearms
 + Level 5.1 Spellcasting
 + Level 6.3 Fire Magic


You had 15 spell levels left.
You knew the following spells:

 Your Spells              Type           Power      Damage    Failure   Level
a - Scorch                Fire           48%        2d7       1%          2

Your spell library contained the following spells:

 Spells                   Type           Power      Damage    Failure   Level


Dungeon Overview and Level Annotations

Branches:
Dungeon (7/15)             Temple (0/1) D:4

Altars:
Nemelex Xobeh

Shops:
D:1 *   D:2 =   D:3 !

Annotations:
D:4 1 runed translucent door, croobank's ghost, novice OpCA


Innate Abilities, Weirdness & Mutations

You cannot wear most types of armour.
You are amphibious.
You can wear up to eight rings at the same time.
Your skin changes colour to match your surroundings (Stealth+).
Your rubbery body absorbs attacks. (AC +1, EV +1)
((You are camouflaged when in or above water. (Stealth+)))
You have tentacles for arms and can constrict up to eight enemies at once.


Message History

You climb upwards.
The orc warrior closely misses you.
There is a stone staircase leading down here.
Casting: Scorch (safe; 1% risk of failure)
Confirm with . or Enter, or press ? or * to list all spells.
Flames lash the orc warrior but do no damage.
The orc warrior hits you with a +0 mace!
Casting: Scorch (safe; 1% risk of failure)
Confirm with . or Enter, or press ? or * to list all spells.
Flames lash the orc warrior but do no damage.
The orc warrior hits you with a +0 mace!
Casting: Scorch (safe; 1% risk of failure)
Confirm with . or Enter, or press ? or * to list all spells.
Flames lash the orc warrior.
The orc warrior is moderately wounded.
The orc warrior's fire resistance burns away.
The orc warrior closely misses you.
Casting: Scorch (safe; 1% risk of failure)
Confirm with . or Enter, or press ? or * to list all spells.
Flames lash the orc warrior.
The orc warrior is burned terribly!
The orc warrior is heavily wounded.
The orc warrior hits you with a +0 mace!
* * * LOW HITPOINT WARNING * * *
Casting: Scorch (safe; 1% risk of failure)
Confirm with . or Enter, or press ? or * to list all spells.
Flames lash the orc warrior.
The orc warrior is burned terribly!
The orc warrior is severely wounded.
The orc warrior barely misses you.
Press: ? - help, v - describe, . - travel
Here: an orc warrior, wielding a +0 mace and wearing a +0 chain mail (severely wounded, more vulnerable to fire)
The floor, spattered with blood.
Press: ? - help, v - describe, . - travel
Here: an orc warrior, wielding a +0 mace and wearing a +0 chain mail (severely wounded, more vulnerable to fire)
The floor, spattered with blood.
Okay, then.
It was a potion of haste {haste}.
You feel yourself speed up.
The orc warrior hits you with a +0 mace!
* * * LOW HITPOINT WARNING * * *
The electric eel shoots out a bolt of lightning at you!
The bolt of electricity hits you.
You die...

###.### #........# .. #.#
##.......## ### #..÷.....#
###........# ##.#........#
#.............#
#.#..o.........
#..............#
#####.#@..........≈≈
########...#.#.######....≈
#.....†....###..##....≈..
#.#######.#.###....≈...≈
###.#######.#......≈.≈≈.≈
...............≈≈≈≈S≈≈≈≈≈
...≈P..≈P≈...≈≈≈.≈≈≈≈≈≈≈≈
..P≈≈≈≈≈P≈≈≈≈≈≈≈≈≈≈≈≈≈≈PP
≈≈≈≈≈≈≈≈≈≈≈≈≈≈≈≈≈≈≈≈≈≈≈≈≈


You could see an orc warrior (combustible) and an electric eel.

Vanquished Creatures
  Sigmund (D:3)
  Eustachio (D:4)
  Duvessa (D:4)
  2 phantoms
  A scorpion (D:5)
  Dowan (D:4)
  3 howler monkeys
  A centaur zombie (D:6)
  2 hounds (D:6)
  An orc wizard (D:4)
  Ijyb (D:3)
  2 scorpion zombies (D:5)
  10 adders
  An ufetubus (D:4)
  A worm (D:3)
  A dart slug (D:1)
  12 orcs
  5 endoplasms
  4 giant cockroaches
  4 goblins
  5 hobgoblins
  4 jackals (D:4)
  5 quokkas
  8 ball pythons
  6 bats
  3 frilled lizards (D:1)
  2 kobolds (D:1)
  5 rats
93 creatures vanquished.

Vanquished Creatures (others)
  10 foxfires (D:4)
  4 fungi (D:2)
  11 plants
25 creatures vanquished.

Grand Total: 118 creatures vanquished

Notes
Turn   | Place    | Note
-------+----------+-------------------------------------------
     0 | D:1      | croobank the Octopode Cinder Acolyte began the quest for
                  | the Orb.
     0 | D:1      | Reached XP level 1. HP: 16/16 MP: 2/2
    89 | D:1      | Reached XP level 2. HP: 20/21 MP: 3/3
   233 | D:1      | Learned a level 2 spell: Scorch
   529 | D:1      | Found Wisoshren's General Store.
   964 | D:1      | Reached XP level 3. HP: 26/26 MP: 2/5
  1562 | D:2      | Found Tueluf's Jewellery Shoppe.
  1599 | D:2      | Found a faded altar of an unknown god.
  2171 | D:3      | Found Couciofe's Distillery.
  2233 | D:3      | Reached XP level 4. HP: 28/31 MP: 7/7
  2331 | D:3      | Noticed Ijyb
  2344 | D:3      | Killed Ijyb
  2941 | D:3      | Noticed Sigmund
  2955 | D:3      | Killed Sigmund
  2956 | D:3      | Reached XP level 5. HP: 20/36 MP: 2/9
  2956 | D:3      | Reached XP level 6. HP: 24/42 MP: 2/10
  3344 | D:4      | Found a runed translucent door.
  3346 | D:4      | Noticed croobank's ghost (novice OpCA)
  3745 | D:4      | Identified the +0 pair of gloves of the Constellations {rF+
                  | rC++ Dex+4}
  3903 | D:4      | Noticed Eustachio
  3913 | D:4      | Killed Eustachio
  3914 | D:4      | Reached skill level 5 in Polearms
  3914 | D:4      | Reached skill level 5 in Fire Magic
  3914 | D:4      | Reached XP level 7. HP: 43/46 MP: 1/12
  4096 | D:4      | Noticed Duvessa
  4096 | D:4      | Noticed Dowan
  4103 | D:4      | Killed Duvessa
  4106 | D:4      | Killed Dowan
  4325 | D:4      | Found a staircase to the Ecumenical Temple.
  4671 | D:5      | Entered Level 5 of the Dungeon
  4842 | D:5      | Reached XP level 8. HP: 52/52 MP: 3/14
  5082 | D:5      | Found a sparkling altar of Nemelex Xobeh.
  5808 | D:6      | Reached skill level 5 in Spellcasting
  6374 | D:6      | HP: 1/52 [orc warrior (10)]
  6376 | D:6      | Killed from afar by an electric eel

Illustrated notes

Levels and vault maps discovered:
D:1:      grunt_arrival_crossed_arrows, layout_loops_ring, serial_shops, shop,
          chequers_serial_rivers_micro_b
D:2:      layout_basic, serial_shops, shop,
          shapermc_ecumenical_altar_mp_urbaneastern
D:3:      layout_loops_cross, serial_shops, shop_statue, uniq_ijyb, uniq_sigmund
D:4:      layout_basic, lemuel_temple_firewalk_a, ebering_ghost_reflecting_pool,
          uniq_eustachio, uniq_duvessa
D:5:      layout_loops_cross, mainiacjoe_overflow_paths
D:6:      layout_layer_cave, chequers_big_river, dk_noncrumbling_4
D:7:      layout_loops_corners

Skill      XL: |  1  2  3  4  5  6  7  8 |
---------------+-------------------------+-----
Spellcasting   | 2 3 4 5 |  5.1
Polearms       | 4 5 6 |  6.3
Fire Magic     | 4 5 6 |  6.3
Fighting       | |  3.1

Action                   |  1- 3 |  4- 6 |  7- 9 || total
-------------------------+-------+-------+-------++-------
Melee: Spear             |    44 |       |       ||    44
       Constrict         |     8 |     3 |     2 ||    13
       Trident           |     7 |    22 |     9 ||    38
       Tentacles         |     2 |     2 |     2 ||     6
 Fire: Hunting sling     |       |     5 |     9 ||    14
Throw: Dart              |     2 |       |       ||     2
 Cast: Scorch            |    20 |    47 |    49 ||   116
Invok: Fiery Armour      |       |     3 |     2 ||     5
       Foxfire Swarm     |       |       |     1 ||     1
  Use: Potion            |       |     1 |     1 ||     2
       Scroll            |       |       |     1 ||     1
 Stab: Sleeping          |     2 |       |       ||     2
Armor: Skin              |     7 |     8 |     3 ||    18
Dodge: Dodged            |    27 |    17 |    26 ||    70

Table legend: (Time is in decaauts)
 A = Elapsed time spent in this place.
 B = Non-inter-level travel time spent in this place.
 C = Inter-level travel time spent in this place.
 D = Time resting spent in this place.
 E = Time spent auto-exploring this place.
 F = Levels seen in this place.
 G = Mean time per level.
                   A        B        C        D        E       F      G
               +--------+--------+--------+--------+--------+-----+--------+
         Total |   6372 |   6241 |    131 |   1486 |   3838 |   7 |  910.3 |
       Dungeon |   6372 |   6241 |    131 |   1486 |   3838 |   7 |  910.3 |
               +--------+--------+--------+--------+--------+-----+--------+

Top non-repeatable levels by time:
     D:4: 1418 daAuts
     D:3: 1128 daAuts
     D:2: 1075 daAuts
     D:1: 1046 daAuts
     D:5: 978 daAuts
     D:6: 525 daAuts
     D:7: 198 daAuts
